 Dungeon Crawl Stone Soup version 0.27.1 (webtiles) character file.

Game seed: 10712507610570034544

375 PentaManta the Cudgeller (level 6, -2/37 HPs)
             Began as a Gargoyle Monk on Aug 21, 2021.
             Splashed by a jelly's acid (9 damage)
             ... on level 4 of the Dungeon.
             The game lasted 00:08:41 (5651 turns).

PentaManta the Cudgeller (Gargoyle Monk)            Turns: 5651, Time: 00:08:43

Health: -2/37      AC:  4    Str: 17    XL:     6   Next: 72%
Magic:  6/6        EV:  7    Int: 10    God:
Gold:   155        SH:  0    Dex: 18    Spells: 5/5 levels left

rFire    + . .     SeeInvis .   a - +0 mace
rCold    + . .     Faith    .   (no shield)
rNeg     + . .     Spirit   .   g - +0 chain mail
rPois    ∞         Reflect  .   (no helmet)
rElec    +         Harm     .   l - scarf {rC+ rF+}
rCorr    .         Rampage  .   (no gloves)
Will     .....                  (no boots)
Stlth    ..........             (no amulet)
HPRegen  0.12/turn              f - +6 ring of dexterity
MPRegen  0.10/turn              (no ring)

@: corroded
A: sickness immunity, AC +4, negative energy resistance 1, electricity
resistance, torment resistance 1, petrification resistance
a: no special abilities


You were on level 4 of the Dungeon.
You visited 1 branch of the dungeon, and saw 4 of its levels.

You collected 155 gold pieces.

Inventory:

Hand Weapons
 a - a +0 mace (weapon)
 i - a +0 whip
Missiles
 j - 36 poisoned darts (quivered)
Armour
 b - a +0 robe
 e - a +0 plate armour
 g - a +0 chain mail (worn)
 l - a scarf of resistance (worn)
Jewellery
 f - a +6 ring of dexterity (left hand)
Scrolls
 c - a scroll of torment {unknown}
 d - a scroll of amnesia {unknown}
 h - 3 scrolls of identify {unknown}
 k - 2 scrolls of teleportation {unknown}
 m - a scroll of noise {unknown}


   Skills:
 - Level 3.2 Fighting
 + Level 7.3 Maces & Flails
 - Level 2.4 Dodging
 - Level 2.1 Stealth


You had 5 spell levels left.
You didn't know any spells.
Your spell library was empty.

Dungeon Overview and Level Annotations

Branches:
Dungeon (4/15)
 Temple: D:4-7

Altars:
Dithmenos

Shops:
D:4 *


Innate Abilities, Weirdness & Mutations

You are immune to sickness and miasma.
Your stone body is resilient. (AC +4)
You are immune to poison.
You resist negative energy. (rN+)
You are resistant to electric shocks. (rElec)
You are resistant to unholy torment.
You are immune to petrification.


Message History

There is an open door here.
You open the door.
A wyvern zombie comes into view.
There is an open door here.
A jelly comes into view.
The jelly quivers.
A quokka comes into view.
The wyvern zombie bites you but does no damage.
You hit the wyvern zombie but do no damage.
The wyvern zombie barely misses you.
You barely miss the wyvern zombie.
The wyvern zombie bites you but does no damage.
Your chain mail prevents you from hitting the wyvern zombie.
The wyvern zombie bites you but does no damage.
The jelly barely misses you.
The wyvern zombie bites you but does no damage.
There is an open door here.
The jelly jiggles.
You closely miss the quokka.
The quokka bites you but does no damage.
You thump the quokka!
You kill the quokka!
You completely miss the jelly. The jelly hits you but does no damage.
You hit the jelly. The acid corrodes you!
Your hands burn!
The jelly is moderately wounded.
The jelly barely misses you.
You hit the jelly.
Your hands burn!
The jelly is heavily wounded.
The jelly hits you but does no damage. The jelly hits you.
The acid corrodes you!
You are splashed with acid!
You hit the jelly. The acid corrodes you!
Your hands burn!
The jelly is severely wounded.
The jelly hits you but does no damage.
You hit the jelly.
Your hands burn!
* * * LOW HITPOINT WARNING * * *
The jelly is almost dead.
The jelly hits you.
* * * LOW HITPOINT WARNING * * *
You are splashed with acid!
You die...

.............# #.......
.............# #.......
.............# #########.......
......####+#######.....#.###.....
......'..........#.....#...#.....
......#..........#.....#...#.....
......#..........'.....#...#.....
......+..........#.....#...#.....
......#######.##@#.....###.#.....
......#....##+##J###.....#.###...
......#.........Z..#.....#...#...
#######............#.....#...'...
............#.....#...#...
.......##...#.....#...#...
.......######.....#...#...
.......#..........#...#...
.......#.....>....#...#...


You could see a jelly and a wyvern zombie.

Vanquished Creatures
  Menkaure (D:4)
  A phantom (D:4)
  An iguana (D:3)
  A hound skeleton (D:4)
  9 adders
  A white imp (D:3)
  A dart slug (D:4)
  An orc (D:3)
  2 bats
  7 endoplasms
  2 giant cockroaches
  A goblin (D:1)
  6 hobgoblins
  2 jackals (D:1)
  10 kobolds
  3 quokkas
  2 ball pythons
  5 rats
56 creatures vanquished.

Vanquished Creatures (others)
  4 plants (D:2)
4 creatures vanquished.

Grand Total: 60 creatures vanquished

Notes
Turn   | Place    | Note
-------+----------+-------------------------------------------
     0 | D:1      | PentaManta the Gargoyle Monk began the quest for the Orb.
     0 | D:1      | Reached XP level 1. HP: 14/14 MP: 1/1
   738 | D:1      | Reached XP level 2. HP: 19/19 MP: 2/2
   878 | D:1      | Found a faded altar of an unknown god.
  1103 | D:2      | Reached skill level 4 in Maces & Flails
  1287 | D:2      | Found a shadowy altar of Dithmenos.
  1307 | D:2      | Reached XP level 3. HP: 23/23 MP: 3/3
  1883 | D:2      | Reached XP level 4. HP: 25/28 MP: 4/4
  2188 | D:3      | Reached skill level 5 in Maces & Flails
  3524 | D:4      | Noticed a phantom
  3872 | D:4      | Killed a phantom
  3873 | D:4      | Reached skill level 6 in Maces & Flails
  3873 | D:4      | Reached XP level 5. HP: 11/32 MP: 5/5
  4586 | D:3      | Reached XP level 6. HP: 15/37 MP: 6/6
  4833 | D:4      | Found Waroag's General Store.
  5048 | D:4      | Noticed Menkaure
  5064 | D:4      | Killed Menkaure
  5065 | D:4      | Reached skill level 7 in Maces & Flails
  5651 | D:4      | Splashed by a jelly's acid

Illustrated notes

Levels and vault maps discovered:
D:1:      onia_arrival_pentagram, layout_loops_corners,
          hellmonk_ecumenical_altar_dog_temple
D:2:      layout_loops_ring, basic_altar, dk_noncrumbling_2,
          lexackson_kobold_supper
D:3:      layout_rooms
D:4:      layout_gridville, serial_shops, shop, minmay_shop_enchanted_jewellery,
          minmay_divided_ellipse, uniq_menkaure

Skill      XL: |  1  2  3  4  5  6 |
---------------+-------------------+-----
Maces & Flails | 4 6 7 |  7.3
Fighting       | |  3.2
Dodging        | |  2.4
Stealth        | |  2.1

Action                   |  1- 3 |  4- 6 || total
-------------------------+-------+-------++-------
Melee: Mace              |    77 |   196 ||   273
       Whip              |       |    41 ||    41
Throw: Dart              |       |     6 ||     6
  Use: Potion            |       |     3 ||     3
 Stab: Sleeping          |     2 |       ||     2
Armor: Robe              |     8 |       ||     8
       Plate armour      |    18 |       ||    18
       Chain mail        |    12 |   175 ||   187
       Skin              |       |     2 ||     2
Dodge: Dodged            |    35 |    94 ||   129
